Map: King's Cove LE

Players

Mez

  • Race: Terran Terran
  • League: Master
  • Spawn Location: 5:00

LHooQ - Winner!

  • Race: Zerg Zerg
  • League: Master
  • Spawn Location: 11:00

VOD

Have the link to the VOD?

Description

Time

  • Played on: Aug. 13, 2019, 7:40 a.m.
  • Length: 20:10
Show
View Real Time Build Order
Export as new Build Order

Mez Terran 

Build Orders: Reaper Expand, Banshee Rush 

Get SALT Encoding   

  12  0:00  SCV  
  13  0:13  SCV  
  14  0:18  Supply Depot  
  14  0:25  SCV  
  15  0:39  SCV  
  15  0:41  Barracks  
  16  0:46  Refinery  
  16  0:51  SCV  
  17  1:04  SCV  
  18  1:17  SCV  
  19  1:31  Reaper, Orbital Command  
  20  1:46  Command Center  
  20  1:55  Supply Depot  
  20  1:58  SCV  
  21  2:03  Marine  
  22  2:10  SCV  
  23  2:19  Factory  
  23  2:20  Refinery  
  23  2:24  Barracks Reactor  
  23  2:33  SCV  
  24  2:45  SCV  
  25  3:04  SCV  
  26  3:09  Starport  
  26  3:11  Hellion  
  26  3:12  Hellion, Orbital Command  
  30  3:16  Barracks Tech Lab  
  30  3:19  Supply Depot  
  30  3:20  SCV  
  31  3:32  SCV  
  32  3:34  Hellion  
  32  3:35  Hellion  
  32  3:38  SCV  
  37  3:42  Supply Depot  
  37  3:44  SCV  
  38  3:50  SCV  
  39  3:55  Cloaking Field  
  39  3:56  Hellion, SCV  
  39  4:02  SCV  
  42  4:06  Banshee  
  42  4:09  SCV  
  46  4:14  SCV  
  46  4:21  SCV  
  47  4:26  SCV  
  47  4:30  Command Center  
  48  4:33  SCV  
  48  4:37  Supply Depot  
  48  4:38  SCV, Barracks Tech Lab  
  49  4:39  Factory Reactor  
  49  4:44  Barracks  
  49  4:45  SCV  
  51  4:47  Barracks  
  51  4:50  SCV  
  51  4:51  Banshee  
  55  4:57  SCV, Marine  
  57  5:06  SCV  
  58  5:09  SCV  
  59  5:17  Engineering Bay x2  
  59  5:18  SCV  
  60  5:21  SCV  
  60  5:26  Refinery  
  60  5:27  Refinery  
  61  5:31  SCV  
  61  5:33  SCV  
  61  5:34  Factory Tech Lab  
  63  5:43  SCV  
  63  5:45  Starport Reactor, SCV  
  63  5:46  Orbital Command  
  65  5:51  Marine x4  
  65  5:54  Siege Tank  
  65  5:55  SCV  
  73  5:59  SCV, Supply Depot  
  73  6:01  Marine, Barracks x2  
  75  6:07  SCV  
  75  6:08  Marine  
  77  6:12  SCV  
  77  6:13  SCV  
  79  6:29  SCV  
  79  6:30  SCV  
  81  6:33  Terran Infantry Armor Level 1, Terran Infantry Weapons Level 1  
  81  6:37  Missile Turret  
  81  6:38  Missile Turret  
  77  6:49  Marine x2  
  77  6:50  Marine x3  
  74  7:00  Viking x2  
  71  7:06  Cyclone  
  71  7:07  Marine x3  
  71  7:08  Marine x2  
  71  7:11  Missile Turret  
  71  7:13  Missile Turret  
  64  7:22  SCV x3  
  66  7:25  Marine x3  
  68  7:31  Marine x3  
  71  7:43  Marine  
  72  7:45  Cyclone  
  72  7:46  SCV x2  
  72  7:47  Missile Turret  
  77  7:52  Viking  
  77  7:53  Viking, Marine  
  77  7:54  Marine x3  
  82  8:15  Barracks Reactor x3  
  82  8:17  Marine x3  
  85  8:20  Orbital Command  
  85  8:21  SCV x2  
  87  8:31  Missile Turret  
  87  8:33  SCV x2  
  81  8:42  Marine x2  
  81  8:43  Marine  
  81  8:45  SCV x2, Barracks Tech Lab  
  81  8:47  Cyclone, SCV  
  90  8:57  SCV x2  
  91  9:07  Missile Turret  
  91  9:09  Marine x9  
  76  9:23  Orbital Command  
  53  9:26  Marine  
  53  9:27  Marine x7  
  53  9:29  Marine  
  57  9:39  Medivac x2  
  57  9:44  Marine  
  57  9:45  Reaper, Marine x6  
  69  9:46  Marine  
  69  9:57  Siege Tank  
  72  10:01  SCV x3  
  72  10:02  Marine  
  76  10:07  Missile Turret  
  76  10:13  SCV x3  
  79  10:22  Supply Depot  
  79  10:23  Supply Depot  
  79  10:25  SCV x3  
  82  10:32  Siege Tank  
  82  10:35  Armory  
  85  10:37  SCV x3  
  88  10:49  SCV x2  
  77  10:50  SCV  
  77  10:54  Marine x9  
  73  10:57  Medivac x2  
  73  11:01  SCV  
  73  11:02  SCV x2  
  72  11:12  Marine x6  
  72  11:13  SCV  
  72  11:14  SCV x2  
  81  11:22  Thor  
  81  11:25  Stimpack  
  87  11:26  SCV x3, Terran Infantry Weapons Level 2  
  90  11:38  SCV x3, Supply Depot  
  93  11:43  Supply Depot x2  
  93  11:44  Marine x9  
  93  11:45  Supply Depot  
  102  11:47  Medivac  
  102  11:48  Medivac  
  102  11:50  SCV x3  
  89  12:14  Marine  
  89  12:15  Marine x6  
  88  12:23  SCV x3  
  88  12:24  Marine x2  
  88  12:27  Supply Depot  
  93  12:30  Siege Tank, Supply Depot  
  93  12:35  SCV x3  
  99  12:39  Factory  
  99  12:46  Marine  
  99  12:47  SCV x3, Marine x6  
  109  12:59  SCV x3, Medivac x2  
  116  13:06  Marine  
  116  13:10  Siege Tank  
  116  13:11  SCV x2  
  122  13:25  Marine  
  122  13:26  Marine x8, Combat Shield  
  131  13:27  Liberator x2  
  131  13:29  SCV x3  
  131  13:31  Factory Tech Lab  
  134  13:35  Refinery  
  134  13:38  Supply Depot  
  134  13:39  Supply Depot x2  
  134  13:43  Marine  
  141  13:52  Marine  
  141  13:53  Marine  
  141  13:54  Marine  
  138  13:55  Siege Tank  
  133  14:09  Marine  
  118  14:20  Marine x7  
  118  14:22  Siege Tank  
  121  14:42  Marine  
  121  14:43  Marine x4  
  126  14:47  SCV  
  126  14:49  SCV  
  126  14:52  SCV  
  126  15:13  Liberator  
  123  15:22  Marine x5  
  123  15:23  Marine x3  
  123  15:24  Thor x2  
  143  15:35  Missile Turret  
  146  15:42  Medivac  
  148  15:49  Command Center  
  148  16:10  SCV x3  
  150  16:22  SCV x3  
  153  16:34  SCV x3  
  156  16:59  Supply Depot  
  156  17:00  Siege Tank  
  148  17:48  Marine x7  
  119  17:54  Marine x2  
  84  18:05  Siege Tank x2, Marine  
  90  18:06  Marine x6  
  90  18:07  Liberator x2  
  90  18:12  Marine x2  
  99  18:14  Orbital Command  
  99  18:23  Marine  
  99  18:24  Marine x6  
  112  18:30  Marine  
  113  18:36  Barracks  
  113  18:37  Barracks  
  113  18:39  Siege Tank  
  113  18:40  Siege Tank, Barracks  
  119  18:42  SCV x3  
  122  18:54  SCV x2  
  118  19:11  Thor  
  124  19:18  Thor  
Show
View Real Time Build Order
Export as new Build Order

LHooQ Zerg - Winner!

Build Orders: Hatch First, Muta Ling Bane 

Get SALT Encoding   

  12  0:01  Drone  
  13  0:12  Overlord  
  13  0:18  Drone  
  14  0:31  Drone x2  
  14  0:34  Drone  
  17  0:56  Hatchery  
  16  0:59  Drone  
  16  1:02  Drone  
  18  1:06  Drone  
  19  1:18  Overlord  
  19  1:28  Drone  
  20  1:36  Spawning Pool  
  20  1:37  Extractor  
  18  1:42  Drone  
  19  1:52  Drone  
  20  2:00  Drone  
  21  2:10  Drone  
  21  2:11  Drone  
  23  2:22  Drone x2  
  25  2:23  Queen  
  25  2:24  Queen  
  25  2:29  Zergling x2  
  30  2:33  Zergling x2, Extractor  
  30  2:37  Metabolic Boost  
  30  2:40  Drone  
  30  2:43  Drone  
  31  2:46  Spore Crawler  
  30  2:59  Overlord  
  30  3:08  Drone x3  
  33  3:15  Overlord  
  33  3:16  Drone  
  34  3:23  Drone  
  34  3:26  Queen  
  37  3:27  Drone  
  37  3:34  Drone  
  38  3:37  Lair  
  38  3:39  Drone  
  39  3:46  Drone x3  
  39  3:48  Drone  
  43  3:49  Drone  
  43  3:51  Drone  
  43  3:54  Drone  
  46  4:01  Overlord  
  46  4:04  Extractor  
  46  4:05  Extractor  
  44  4:19  Drone x3  
  44  4:20  Drone  
  44  4:21  Drone  
  49  4:24  Overlord  
  49  4:28  Baneling Nest  
  48  4:36  Spire  
  48  4:37  Drone x2  
  48  4:38  Drone x3  
  52  4:41  Zergling x2  
  52  4:49  Evolution Chamber  
  52  4:50  Evolution Chamber  
  50  4:55  Spine Crawler  
  50  4:58  Drone  
  50  4:59  Queen  
  52  5:11  Overlord  
  52  5:12  Zergling x6  
  55  5:24  Spore Crawler  
  54  5:41  Overlord  
  54  5:47  Mutalisk x5  
  54  5:48  Hatchery, Mutalisk x3  
  69  5:52  Mutalisk  
  71  6:06  Centrifical Hooks  
  71  6:08  Drone x5  
  76  6:16  Zergling x8  
  80  6:21  Zerg Melee Weapons Level 1  
  76  6:25  Overseer  
  76  6:29  Drone x2  
  76  6:30  Drone  
  80  6:32  Drone  
  80  6:42  Overlord, Zergling x8  
  72  6:56  Zergling x2  
  72  6:57  Zergling x6  
  74  7:11  Drone x5  
  75  7:30  Zergling x6  
  75  7:35  Drone x3  
  81  7:45  Drone  
  81  7:46  Drone x2  
  81  7:50  Drone  
  83  7:53  Zerg Ground Armor Level 1  
  83  7:54  Zergling x10  
  88  8:00  Overlord x2  
  88  8:07  Zergling x8  
  88  8:08  Zergling x4  
  92  8:15  Zergling x2  
  92  8:19  Zergling x4  
  95  8:21  Zergling x2  
  95  8:22  Zergling x6  
  95  8:26  Zergling x2  
  86  8:41  Zergling x2  
  86  8:42  Zergling x14  
  86  8:43  Baneling  
  86  8:44  Baneling x6  
  86  8:45  Baneling x7  
  86  8:46  Baneling x5  
  86  8:47  Baneling  
  94  8:49  Drone x3  
  94  8:51  Zerg Melee Weapons Level 2  
  94  8:53  Overlord x2  
  97  8:57  Overlord  
  91  9:09  Zergling x14  
  84  9:22  Zergling x4  
  84  9:23  Zergling x10  
  85  9:28  Drone x4  
  89  9:35  Zergling x2  
  89  9:36  Zergling x8  
  89  9:37  Infestation Pit  
  87  9:44  Drone x2  
  87  9:45  Overlord  
  86  9:58  Zergling x2  
  86  9:59  Zergling x20  
  95  10:00  Baneling x5  
  95  10:01  Baneling x3  
  95  10:08  Zergling x6  
  95  10:13  Spire, Overlord  
  97  10:14  Extractor  
  97  10:15  Extractor  
  97  10:18  Zergling x2  
  97  10:19  Zergling x2  
  97  10:23  Zerg Ground Armor Level 2  
  97  10:25  Hatchery  
  97  10:26  Overseer  
  97  10:27  Zergling x4  
  98  10:36  Zergling x4  
  98  10:37  Zergling x10  
  92  10:51  Zergling x10  
  86  10:57  Zergling x10  
  86  10:58  Zergling x10  
  86  11:03  Zergling x2  
  87  11:13  Drone x2  
  87  11:15  Drone  
  90  11:21  Hive  
  90  11:25  Overlord  
  90  11:27  Zergling x8  
  90  11:28  Zergling x12  
  90  11:29  Baneling x7  
  90  11:30  Baneling x4  
  90  11:31  Baneling x2  
  100  11:39  Drone x4  
  104  11:48  Zergling x2  
  104  11:49  Zergling x10  
  104  11:50  Baneling x5  
  98  12:09  Zergling x2  
  98  12:10  Zergling x18  
  98  12:16  Baneling x9  
  98  12:17  Baneling x13  
  98  12:20  Drone x3  
  101  12:42  Mutalisk x4  
  101  12:43  Mutalisk x6  
  121  12:45  Mutalisk  
  121  12:47  Mutalisk  
  121  12:49  Mutalisk  
  127  12:52  Mutalisk  
  129  13:00  Zergling x12  
  135  13:10  Overlord x3  
  135  13:23  Overlord  
  135  13:24  Overlord  
  135  13:26  Adrenal Glands  
  135  13:29  Zerg Ground Armor Level 3  
  136  13:48  Zergling x2  
  136  13:49  Overlord, Zergling x26  
  136  13:50  Overlord  
  147  14:01  Zergling x2  
  147  14:02  Zergling x14  
  153  14:08  Overlord x2  
  153  14:15  Mutalisk x7  
  153  14:16  Mutalisk  
  163  14:33  Zergling x24  
  163  14:35  Overlord  
  175  15:06  Drone x5  
  180  15:12  Hatchery  
  176  15:16  Zergling x2  
  176  15:17  Overlord, Zergling x20  
  176  15:18  Overlord  
  176  15:19  Baneling  
  176  15:20  Baneling x7  
  187  15:23  Zergling x2  
  188  15:36  Zergling x4  
  188  15:37  Zergling x8  
  188  15:40  Zerg Melee Weapons Level 3  
  194  15:45  Ultralisk Cavern  
  193  15:55  Greater Spire  
  193  16:24  Overlord  
  193  17:02  Hatchery  
  193  17:08  Extractor  
  191  17:09  Chitinous Plating, Extractor  
  191  17:11  Corruptor x4  
  191  17:12  Corruptor  
  137  17:52  Ultralisk x7  
  137  17:54  Zergling x22  
  137  17:55  Zergling x44  
  185  18:04  Zergling x2  
  185  18:05  Zergling x36  
  199  18:13  Overlord  
  199  18:27  Anabolic Synthesis  
  196  19:28  Extractor  
  192  19:32  Extractor  
Tags
 
Add a new tag
Caveats
  • Supply blocks, unpowered buildings, or Contaminate may cause inaccurate times.
  • Supply counts are checked every 10 seconds.